 Dungeon Crawl Stone Soup version 0.24-a0-235-g3f03afc (webtiles) character file.

Game seed: 9315588790374271031

125850 Gunnerkreig the Devastator (level 16, -15/111 HPs)
             Began as an Octopode Wizard on Apr 6, 2019.
             Was a High Priest of Vehumet.
             Shot with an arrow by a deep elf archer (33 damage)
             ... on level 14 of the Dungeon.
             The game lasted 02:35:26 (38800 turns).

Gunnerkreig the Devastator (Octopode Wizard)       Turns: 38800, Time: 02:35:27

Health: -15/111    AC:  5    Str: 10    XL:     16   Next: 97%
Magic:  3/41       EV: 18    Int: 23    God:    Vehumet [*****.]
Gold:   2019       SH:  7    Dex: 11    Spells: 7/39 levels left

rFire    + . .     SeeInvis .   l - staff of energy
rCold    x . .     Gourm    .   b - +2 buckler
rNeg     + . .     Faith    .   a - +2 hat
rPois    .         Spirit   .   x - amulet of magic regeneration
rElec    .         Reflect  .   q - ring of wizardry
rCorr    .         Harm     .   Q - ring of positive energy
MR       +....                  j - ring of magical power
Stlth    ++++......             w - ring of flight
HPRegen  0.28/turn              N - ring of fire
MPRegen  0.52/turn              (no ring)
                                (no ring)
                                (no ring)

@: no status effects
A: almost no armour, stealthy swim, amphibious, 8 rings, constrict 8, tentacle
spike 1, iridescent scales 1, camouflage 1, gelatinous body 1
a: Renounce Religion, Evoke Flight


You were on level 14 of the Dungeon.
You worshipped Vehumet.
Vehumet was extremely pleased with you.
You were hungry.

You visited 4 branches of the dungeon, and saw 23 of its levels.

You collected 2333 gold pieces.
You spent 314 gold pieces at shops.

Inventory:

Hand Weapons
 E - a +7 trident of piercing
 X - the +3 war axe of Doocvu {pain, rPois rN+ Str+2}
   (You bought it in a shop on level 2 of the Orcish Mines)

   In the hands of one skilled in necromantic magic, it inflicts extra damage on
   living creatures.
   It affects your strength (+2).
   It protects you from poison.
   It protects you from negative energy.
Missiles
 s - 8 poisoned javelins (quivered)
 t - 2 throwing nets
 K - 7 steel javelins
Armour
 a - a +2 hat (worn)
 b - a +2 buckler (worn)
 r - a +0 shield of reflection
Magical Staves
 l - an uncursed staff of energy (weapon)
 A - an uncursed staff of cold
 Z - an uncursed staff of death
Jewellery
 j - a ring of magical power (on tentacle)
 m - an uncursed amulet of faith {unknown}
 q - a ring of wizardry (left tentacle)
 w - a ring of flight (on tentacle)
 x - an amulet of magic regeneration (around mantle)
 M - an uncursed ring of ice
 N - a ring of fire (on tentacle)
 P - an uncursed amulet of faith {unknown}
 Q - a ring of positive energy (right tentacle)
Wands
 f - a wand of digging (4)
 n - a wand of iceblast (22)
 F - a wand of disintegration (14)
 H - a wand of acid (4)
 V - a wand of flame (62)
Scrolls
 g - 2 scrolls of enchant armour
 o - 7 scrolls of teleportation
 v - 6 scrolls of remove curse
 y - 3 scrolls of enchant weapon
 D - 3 scrolls of identify
 L - a scroll of fog
 T - 3 scrolls of amnesia
 Y - a scroll of holy word
Potions
 d - 2 potions of brilliance
 e - a potion of resistance
 h - 3 potions of lignification
 i - 4 potions of agility
 k - 7 potions of flight
 p - 7 potions of curing
 u - a potion of berserk rage
 B - a potion of magic
 G - 2 potions of haste
 I - a potion of invisibility
 O - a potion of might
 R - a potion of ambrosia
 W - a potion of cancellation
Miscellaneous
 z - a lamp of fire
 J - a phial of floods
 U - a phantom mirror
Comestibles
 c - 23 rations


   Skills:
 + Level 10.7 Fighting
 - Level 10.0 Dodging
 + Level 7.2 Stealth
 + Level 8.1 Shields
 - Level 12.3 Spellcasting
 - Level 15.5 Conjurations
 - Level 7.1 Summonings
 - Level 1.0 Translocations
 - Level 5.1 Fire Magic
 - Level 2.0 Air Magic
 - Level 3.0 Earth Magic
 - Level 2.2 Poison Magic
 - Level 4.0 Evocations


You had 7 spell levels left.
You knew the following spells:

 Your Spells              Type           Power        Failure   Level  Hunger
a - Magic Dart            Conj           ####         0%          1    None
b - Conjure Flame         Conj/Fire      #######.     1%          3    None
c - Mephitic Cloud        Conj/Pois/Air  #####...     1%          3    None
r - Bolt of Magma         Conj/Fire/Erth ######....   1%          5    None
s - Spellforged Servitor  Conj/Summ      ######....   4%          7    None
t - Iron Shot             Conj/Erth      ######....   1%          6    None
w - Iskenderun's Battles  Conj/Chrm      #####...     1%          5    None
y - Blink                 Tloc           N/A          1%          2    None

Your spell library contained the following spells:

 Spells                   Type           Power        Failure   Level  Hunger
 Irradiate                Conj/Tmut      #####.....   1%          5    None
 Animate Skeleton         Necr           N/A          1%          1    None
 Apportation              Tloc           ###...       1%          1    None
 Confusing Touch          Hex            ##....       1%          1    None
 Corona                   Hex            ##.....      1%          1    None
 Flame Tongue             Conj/Fire      #####        1%          1    None
 Pain                     Necr           ##..         1%          1    None
 Summon Small Mammal      Summ           ####         1%          1    None
 Call Imp                 Summ           #####...     1%          2    None
 Poisonous Vapours        Pois/Air       ###...       1%          2    None
 Dazzling Spray           Conj/Hex       #####.       1%          3    None
 Static Discharge         Conj/Air       ######..     1%          3    None
 Sticky Flame             Conj/Fire      #######.     1%          4    None
 Venom Bolt               Conj/Pois      ######....   1%          5    None
 Orb of Destruction       Conj           ######....   1%          7    None
 Ensorcelled Hibernation  Hex/Ice        ##....       2%          2    None
 Slow                     Hex            ##......     2%          2    None
 Conjure Ball Lightning   Conj/Air       ######....   2%          6    None
 Confuse                  Hex            ##......     6%          3    None
 Regeneration             Chrm/Necr      ##........   6%          3    None
 Tukima's Dance           Hex            ##......     6%          3    None
 Vampiric Draining        Necr           ##........   6%          3    None
 Animate Dead             Necr           N/A          17%         4    None


Dungeon Overview and Level Annotations

Branches:
Dungeon (14/15)            Temple (1/1) D:6            Lair (6/6) D:10
 Shoals (0/4) Lair:2       Spider (0/4) Lair:2        Slime (0/5) Lair:5
    Orc (2/2) D:10            Elf (0/3) Orc:2
 Vaults: D:13-14

Altars:
Ashenzari
Cheibriados
Dithmenos
Elyvilon
Fedhas
Gozag
Hepliaklqana
Kikubaaqudgha
Makhleb
Nemelex Xobeh
Okawaru
Qazlal
Ru
Sif Muna
Trog
Uskayaw
Vehumet
Wu Jian
Xom
Yredelemnul
Zin
The Shining One
Beogh
Jiyva

Shops:
D:6 [   Orc:2 %[((

Portals:
Hell: Lair:6

Annotations:
Lair:5 dire elephant, exclusion: downstairs
Orc:1 exclusion: downstairs
Orc:2 warlord poison resistant


Innate Abilities, Weirdness & Mutations

You cannot wear most types of armour.
You are very stealthy in the water. (Stealth+)
You are amphibious.
You can wear up to eight rings at the same time.
You can use your tentacles to constrict eight enemies at once.
Your skin changes colour to match your surroundings (Stealth+).
Your rubbery body absorbs attacks. (AC +1, EV +1)
One of your tentacles bears a spike.
You are partially covered in iridescent scales. (AC +2)


Message History

The centaur warrior shoots an arrow.
The arrow closely misses you.
Casting: Mephitic Cloud (safe; 1% risk of failure)
Confirm with . or Enter, or press ? or * to list all spells.
Aiming: Mephitic Cloud (safe; 1% risk of failure)
Press: ? - help, Shift-Dir - straight line, f/p - centaur warrior
Aim: a centaur warrior, wielding a +0 longbow The ball explodes into a vile cloud!
The stinking cloud engulfs the centaur warrior but does no damage.
You hear a shout!
The centaur warrior is engulfed in noxious fumes.
The centaur warrior shoots an arrow.
The arrow hits you!!
* * * LOW HITPOINT WARNING * * *
The deep elf archer shoots an arrow.
The arrow hits you!!
* * * LOW HITPOINT WARNING * * *
You hear a shout!
You feel much better.
The centaur warrior is engulfed in noxious fumes.
The centaur warrior shoots an arrow.
You block the arrow.
The deep elf archer shoots an arrow.
The arrow hits you!!
You die...

(†.)...# #))# .......#
#)e# #####..# #)☼# #..#
#§c# #..# ##§.# ### #^.#
#((.# #.# #..# #.### #.#
#..# #(# #.# #..# #@# #.#
#..# #.# #.# #..# #.# #.#
#).# #.# #.# #..# #.# #.#
#####..# #.# #.#
.......#########.######†#
..........<.............#
#########################


You could see a centaur warrior and a deep elf archer.

Vanquished Creatures
  Saint Roka (Orc:2)
  Kirke (D:13)
  Donald (Orc:2)
  2 orc warlords (Orc:2)
  A stone giant (Orc:1)
  A dire elephant (Lair:6)
  Azrael (Orc:2)
  Snorg (Lair:6)
  5 hydras
  3 two-headed ogres
  2 centaur warriors
  An orc high priest (Orc:2)
  A tengu warrior (D:13)
  Urug (D:11)
  A sun demon (Lair:6)
  Sonja (Lair:2)
  2 wizards
  An orc knight (D:10)
  4 orc sorcerers
  3 deep elf magi
  2 cyclopes
  6 oklob plants
  2 manticores
  7 elephants
  4 black mambas
  Maurice (D:11)
  3 gargoyles
  An orange demon (Lair:6)
  18 spiny frogs
  Psyche (D:11)
  20 rime drakes
  A yaktaur (D:10)
  9 komodo dragons
  A hellwing (Lair:6)
  A yaktaur (shapeshifter) (D:14)
  3 red devils (Lair:6)
  A tengu conjurer (D:13)
  2 ice devils (Lair:6)
  3 polar bears
  8 trolls
  A merfolk (D:9)
  4 hornets
  4 slime creatures (D:13)
  Grinder (D:5)
  13 blink frogs
  A snapping turtle (Lair:2)
  11 hippogriffs
  4 dream sheep (Lair:6)
  A redback (Lair:2)
  A meliai zombie (D:13)
  12 spriggans (Lair:3)
  2 shadows (D:13)
  5 wyverns
  39 yaks
  2 hogs (D:13)
  3 humans (D:13)
  2 basilisks
  4 fire elementals (Orc:2)
  8 steam dragons (Lair:2)
  A hungry ghost (D:12)
  2 vampire mosquitoes (D:14)
  6 wargs (Orc:2)
  12 water moccasins
  An acid dragon (D:13)
  6 hell hounds
  16 porcupines
  31 orc warriors
  A black bear (D:6)
  4 sky beasts
  7 phantoms
  A necrophage (D:10)
  A wolf (Lair:3)
  7 ogres
  3 boggarts (Lair:3)
  14 centaurs
  17 crocodiles
  2 big kobolds
  12 bullfrogs
  A gnoll sergeant (D:8)
  8 scorpions
  12 killer bees
  4 wights (D:6)
  5 howler monkeys
  6 centaur zombies
  8 crimson imps
  2 bullfrog zombies
  7 hounds
  29 orc priests
  2 bullfrog skeletons
  3 centaur skeletons
  4 iguanas
  Terence (D:2)
  7 worker ants
  36 orc wizards
  A worker ant zombie (D:5)
  8 gnolls
  13 adders
  A shadow imp (D:9)
  An ooze (D:6)
  3 adder skeletons
  A dart slug (D:4)
  6 leopard geckos
  128 orcs
  2 ball pythons
  10 bats
  2 giant cockroaches
  3 goblins
  2 hobgoblins
  5 quokkas
  4 frilled lizards
  16 kobolds
  5 rats
  6 plants
742 creatures vanquished.

Vanquished Creatures (collateral kills)
  A two-headed ogre (D:14)
  A slime creature (D:13)
  A centaur (D:14)
  A crocodile (D:12)
  A worker ant (D:13)
5 creatures vanquished.

Vanquished Creatures (others)
  A wizard (D:4)
  4 bushes (D:10)
  14 fungi
  52 plants
71 creatures vanquished.

Grand Total: 818 creatures vanquished

Notes
Turn   | Place    | Note
-------+----------+-------------------------------------------
     0 | D:1      | Gunnerkreig the Octopode Wizard began the quest for the
                  | Orb.
     0 | D:1      | Reached XP level 1. HP: 11/11 MP: 4/4
   349 | D:1      | Reached XP level 2. HP: 11/17 MP: 0/6
   922 | D:2      | Reached skill level 2 in Conjurations
  1041 | D:2      | Noticed a crimson imp
  1086 | D:2      | Killed a crimson imp
  1086 | D:2      | Reached XP level 3. HP: 10/21 MP: 0/7
  1362 | D:2      | Noticed Terence
  1374 | D:2      | Learned a level 2 spell: Call Imp
  1378 | D:2      | Learned a level 3 spell: Conjure Flame
  1470 | D:2      | Reached skill level 3 in Conjurations
  1474 | D:2      | Reached XP level 4. HP: 25/27 MP: 2/8
  1755 | D:2      | Learned a level 3 spell: Mephitic Cloud
  1804 | D:2      | Killed Terence
  2984 | D:3      | Found a hazy altar of Hepliaklqana.
  2984 | D:3      | Found a white marble altar of Elyvilon.
  3030 | D:3      | Reached XP level 5. HP: 31/31 MP: 7/9
  3094 | D:3      | Found a sacrificial altar of Ru.
  3470 | D:4      | Reached skill level 5 in Stealth
  3470 | D:4      | Reached skill level 4 in Conjurations
  3951 | D:4      | Reached skill level 5 in Conjurations
  3951 | D:4      | Reached XP level 6. HP: 12/36 MP: 2/10
  4535 | D:4      | Reached skill level 1 in Poison Magic
  4692 | D:4      | Reached skill level 1 in Fighting
  4777 | D:4      | Reached skill level 1 in Fire Magic
  4777 | D:4      | Reached skill level 1 in Air Magic
  4888 | D:4      | Found a bloodstained altar of Trog.
  4889 | D:4      | Noticed a wizard
  4894 | D:4      | Killed a wizard
  4914 | D:4      | Reached XP level 7. HP: 40/43 MP: 6/11
  5072 | D:5      | Entered Level 5 of the Dungeon
  5393 | D:5      | Noticed Grinder
  5411 | D:5      | Killed Grinder
  5713 | D:5      | Reached XP level 8. HP: 50/50 MP: 0/13
  7085 | D:6      | Found Cyatan's Armour Shoppe.
  7631 | D:6      | Found a shadowy altar of Dithmenos.
  7766 | D:6      | Reached skill level 5 in Spellcasting
  7969 | D:6      | Reached skill level 5 in Dodging
  7979 | D:6      | Reached XP level 9. HP: 59/59 MP: 7/16
  8044 | D:6      | Found a staircase to the Ecumenical Temple.
  8294 | D:6      | Found an ancient bone altar of Kikubaaqudgha.
  8298 | D:6      | Found a deep blue altar of Sif Muna.
  8300 | D:6      | Found a radiant altar of Vehumet.
  8304 | D:6      | Identified Vehumet's Almanac of Conjuration
  8307 | D:6      | Became a worshipper of Vehumet
  8356 | D:6      | Found a hide-covered altar of Uskayaw.
  8356 | D:6      | Found a shattered altar of Ashenzari.
  8357 | D:6      | Found a shimmering altar of Xom.
  8428 | D:6      | Reached skill level 5 in Fighting
  8527 | D:6      | Found a glowing golden altar of the Shining One.
  8554 | Temple   | Entered the Ecumenical Temple
  9927 | D:7      | Found the +7 Singing Sword {slice, sonic wave}
 10340 | D:8      | Reached * piety under Vehumet
 10340 | D:8      | Offered knowledge of Freeze by Vehumet.
 10341 | D:8      | Noticed a two-headed ogre
 10454 | D:8      | Killed a two-headed ogre
 10454 | D:8      | Reached XP level 10. HP: 43/71 MP: 8/17
 10610 | D:8      | Noticed a two-headed ogre
 10624 | D:8      | Killed a two-headed ogre
 11063 | D:8      | Found an opulent altar of Gozag.
 11064 | D:8      | Found a sparkling altar of Nemelex Xobeh.
 12017 | D:9      | Offered knowledge of Flame Tongue by Vehumet.
 12024 | D:9      | Reached ** piety under Vehumet
 12709 | D:9      | Reached skill level 1 in Evocations
 12929 | D:10     | Entered Level 10 of the Dungeon
 12986 | D:10     | Noticed an orc knight
 12988 | D:10     | Noticed an orc sorcerer
 13004 | D:10     | Killed an orc knight
 13010 | D:10     | Killed an orc sorcerer
 13010 | D:10     | Reached XP level 11. HP: 66/80 MP: 7/20
 13246 | D:10     | Reached skill level 6 in Conjurations
 13611 | D:10     | Learned a level 5 spell: Bolt of Magma
 13617 | D:10     | Learned a level 5 spell: Iskenderun's Battlesphere
 13753 | D:10     | Offered knowledge of Inner Flame by Vehumet.
 14075 | D:10     | Reached skill level 1 in Earth Magic
 14113 | D:10     | Reached *** piety under Vehumet
 14704 | D:10     | Found a staircase to the Orcish Mines.
 14801 | D:10     | Found a staircase to the Lair.
 15105 | D:11     | Reached skill level 7 in Conjurations
 15468 | D:11     | Noticed Maurice
 15474 | D:11     | Killed Maurice
 15576 | D:11     | Noticed Psyche
 15581 | D:11     | Paralysed by you for 3 turns
 15583 | D:11     | Killed Psyche
 15583 | D:11     | Noticed Urug
 15618 | D:11     | Killed Urug
 15618 | D:11     | Reached skill level 5 in Fire Magic
 16190 | D:12     | Noticed a six-headed hydra
 16214 | D:11     | Killed a six-headed hydra
 16214 | D:11     | Reached skill level 8 in Conjurations
 16214 | D:11     | Reached XP level 12. HP: 48/85 MP: 5/24
 16441 | D:12     | Offered knowledge of Dazzling Spray by Vehumet.
 16855 | D:12     | Gained mutation: You are partially covered in iridescent
                  | scales. (AC +2) [potion of mutation]
 16855 | D:12     | Gained mutation: One of your tentacles bears a spike.
                  | [potion of mutation]
 17223 | D:12     | Reached skill level 9 in Conjurations
 17270 | D:12     | Noticed a two-headed ogre
 17280 | D:12     | Killed a two-headed ogre
 17280 | D:12     | Reached **** piety under Vehumet
 17511 | D:12     | Offered knowledge of Force Lance by Vehumet.
 18699 | Lair:1   | Entered Level 1 of the Lair of Beasts
 19115 | Lair:1   | Reached skill level 1 in Shields
 19611 | Lair:1   | Reached skill level 10 in Conjurations
 20195 | Lair:2   | Noticed a six-headed hydra
 20349 | Lair:2   | Killed a six-headed hydra
 20358 | Lair:2   | Noticed Sonja
 20361 | Lair:2   | Killed Sonja
 20641 | Lair:2   | You fall through a shaft!
 21134 | Lair:2   | Found a hole to the Spider Nest.
 21343 | Lair:2   | Reached XP level 13. HP: 61/90 MP: 9/26
 21482 | Lair:2   | Reached skill level 10 in Spellcasting
 22029 | Lair:2   | Identified the Guide on the Lethal Birds
 22512 | Lair:2   | Found a staircase to the Shoals.
 23313 | Lair:3   | Found a shadowy altar of Dithmenos.
 24552 | Lair:3   | Reached skill level 11 in Conjurations
 25197 | Lair:3   | Learned a level 2 spell: Blink
 25236 | Lair:3   | Learned a level 6 spell: Iron Shot
 26464 | Lair:4   | Reached skill level 5 in Summonings
 26581 | Lair:4   | Reached ***** piety under Vehumet
 26795 | Lair:4   | Offered knowledge of Iskenderun's Mystic Blast by Vehumet.
 27314 | Lair:4   | Reached XP level 14. HP: 98/98 MP: 29/29
 27381 | Lair:4   | Reached skill level 10 in Dodging
 27865 | Lair:4   | Reached skill level 10 in Fighting
 28201 | Lair:5   | Reached skill level 12 in Conjurations
 28544 | Lair:5   | Found a viscous altar of Jiyva.
 28545 | Lair:5   | Found a staircase to the Slime Pits.
 29160 | Lair:6   | Entered Level 6 of the Lair of Beasts
 30139 | Lair:6   | Reached skill level 13 in Conjurations
 30316 | Lair:6   | Noticed a dire elephant
 30711 | Orc:1    | Entered Level 1 of the Orcish Mines
 30729 | Orc:1    | Noticed a stone giant
 30740 | Orc:1    | Killed a stone giant
 30853 | Orc:1    | Found a roughly hewn altar of Beogh.
 31182 | Orc:2    | Entered Level 2 of the Orcish Mines
 31200 | Orc:2    | Noticed an orc warlord
 31467 | Orc:2    | Found a roughly hewn altar of Beogh.
 32016 | Orc:2    | Found a roughly hewn altar of Beogh.
 32238 | Orc:2    | Offered knowledge of Lee's Rapid Deconstruction by Vehumet.
 32326 | Orc:2    | Found a roughly hewn altar of Beogh.
 32452 | Orc:2    | Found a roughly hewn altar of Beogh.
 32474 | Orc:2    | Found Utuerr's Weapon Shoppe.
 32628 | Orc:2    | Noticed Saint Roka
 32970 | Orc:2    | Noticed Azrael
 32994 | Orc:2    | Killed Azrael
 33718 | Lair:6   | Reached skill level 14 in Conjurations
 33793 | Lair:6   | Learned a level 7 spell: Spellforged Servitor
 33855 | Lair:6   | Noticed Snorg
 33860 | Lair:6   | Killed Snorg
 33860 | Lair:6   | Reached XP level 15. HP: 103/103 MP: 16/31
 34210 | Lair:6   | Found a burning altar of Makhleb.
 34640 | Lair:6   | Found a gateway to Hell.
 35110 | Orc:2    | Found a roughly hewn altar of Beogh.
 35118 | Orc:2    | Killed an orc warlord
 35322 | Orc:2    | Found a staircase to the Elven Halls.
 35328 | Orc:2    | Found a roughly hewn altar of Beogh.
 35387 | Orc:2    | Found a roughly hewn altar of Beogh.
 35437 | Orc:2    | Found a roughly hewn altar of Beogh.
 35470 | Orc:2    | Found Sibijov's Food Shop.
 35605 | Orc:2    | Offered knowledge of Bolt of Fire by Vehumet.
 35664 | Orc:2    | Killed Saint Roka
 35664 | Orc:2    | Reached skill level 15 in Conjurations
 35903 | Orc:2    | Noticed Donald
 35927 | Orc:2    | Killed Donald
 35935 | Orc:2    | Paralysed by an orc sorcerer for 4 turns
 36273 | Orc:2    | Noticed an orc warlord
 36299 | Orc:2    | Killed an orc warlord
 36442 | Orc:2    | Found Ferom's Antique Armour Shoppe.
 36443 | Orc:2    | Found a roughly hewn altar of Beogh.
 36450 | Orc:2    | Found Fiom's Antique Weapon Emporium.
 36468 | Orc:2    | Bought a jewelled war axe for 314 gold pieces
 37711 | D:13     | Noticed Kirke
 37719 | D:13     | Killed Kirke
 38030 | D:13     | Reached skill level 5 in Shields
 38080 | D:14     | Identified the +3 war axe of Doocvu {pain, rPois rN+ Str+2}
                  | (You bought it in a shop on level 2 of the Orcish Mines)
 38480 | D:14     | Offered knowledge of Irradiate by Vehumet.
 38491 | D:14     | Reached XP level 16. HP: 110/110 MP: 32/32
 38799 | D:14     | HP: 1/111 [deep elf archer/arrow (30)]
 38800 | D:14     | Shot with an arrow by a deep elf archer

Levels and vault maps discovered:
D:1:      arrival_zaba_pyramid, layout_basic
D:2:      layout_basic, first_ration, uniq_terence
D:3:      layout_loops_ring, nicolae_overflow_hidden_temple
D:4:      layout_gridville, trog_wizard
D:5:      layout_loops_ring, uniq_grinder
D:6:      layout_cave_pools, grunt_temple_overflow_magic_moments,
          overflow_temple_1_default, gammafunk_temple_overflow_forgotten,
          tso_altar, minmay_temple_entry_hall, serial_shops, shop
D:7:      old_forge, layout_basic
D:8:      layout_loops_cross, grunt_temple_overflow_opulence
D:9:      layout_basic, hangedman_fish_farm
D:10:     layout_irregular_city, minmay_lair_entry_grove, david_orc_3,
          serial_column_ruins, column_ruins_hut, column_ruins_hut,
          column_ruins_open_tiny, column_ruins_grid_1, column_ruins_open_tiny,
          column_ruins_columns_corner, column_ruins_open_small
D:11:     layout_gridville, uniq_urug, uniq_maurice, uniq_psyche
D:12:     layout_loops_corners, serial_glass, glass_columns_b, glass_columns_b
D:13:     layout_stronghold, uniq_kirke
D:14:     layout_long_grid, hangedman_vaults_entry_quadrant_bands, basic_altar,
          amethyst_killhole
Temple:   compressed_dpeg_triangle_lava_temple
Lair:1:   layout_cave_pods
Lair:2:   layout_cave_pods, minmay_shoals_entry_hut, spider_nest_entry_webs,
          bobbens_dragon_lair_wall, minmay_lair_oklob_chamber,
          serial_bayou_shore_b, uniq_sonja
Lair:3:   kb_forest_paths, layout_regular_city, basic_altar, wad_woods_03
Lair:4:   minmay_lair_oklob_tunnel, layout_big_grid, beast_lair_carwin_6,
          grunt_megastairs_1, infiniplex_staircase_pool
Lair:5:   layout_big_grid, dpeg_slime_entry_enclosed_altar, guppyfry_lair_drakes
Lair:6:   evil_forest, layout_cave_pods, lookout_lair_type, grunt_megastairs_3,
          uniq_snorg
Orc:1:    layout_diamond_mine, mines2_david
Orc:2:    grunt_orc_community_town_hall, layout_caves,
          grunt_orc_community_big_house_1, grunt_orc_community_big_house_2,
          grunt_orc_community_house_3, grunt_orc_community_house_3,
          grunt_orc_community_house_2, grunt_orc_community_house_2,
          grunt_orc_community_house_1, grunt_orc_community_house_3,
          portal_ice_cave_rime, basic_altar, uniq_donald, uniq_azrael,
          uniq_saint_roka

Skill      XL: |  1  2  3  4  5  6  7  8  9 10 11 12 13 14 15 16 |
---------------+-------------------------------------------------+-----
Stealth        | 3 4 5 6 7 |  7.2
Conjurations   | 2 3 5 8 10 11 14 15 | 15.5
Poison Magic   | 1 2 |  2.2
Fighting       | 1 2 4 7 9 10 | 10.7
Fire Magic     | 1 2 3 5 |  5.1
Air Magic      | 1 2 |  2.0
Summonings     | 2 4 5 7 |  7.1
Dodging        | 3 5 8 9 10 | 10.0
Spellcasting   | 5 6 8 9 11 12 | 12.3
Evocations     | 2 4 |  4.0
Earth Magic    | 2 3 |  3.0
Shields        | 3 4 7 8 |  8.1
Translocations | |  1.0

Action                   |  1- 3 |  4- 6 |  7- 9 | 10-12 | 13-15 | 16-18 || total
-------------------------+-------+-------+-------+-------+-------+-------++-------
Melee: Unarmed           |     5 |       |       |       |       |       ||     5
       Mace              |    13 |    39 |    47 |       |       |       ||    99
       Tentacles         |     4 |     5 |    11 |    19 |    17 |       ||    56
       Constrict         |     4 |    12 |    19 |    27 |    21 |     1 ||    84
       Short sword       |       |       |    44 |       |       |       ||    44
       Double sword      |       |       |    15 |    93 |       |       ||   108
       Trident           |       |       |       |   130 |   225 |       ||   355
       Kick              |       |       |       |    13 |    45 |       ||    58
       Staff             |       |       |       |       |    16 |     2 ||    18
Throw: Tomahawk          |     2 |     8 |    19 |     1 |       |       ||    30
       Stone             |       |     1 |     3 |       |       |       ||     4
       Javelin           |       |       |       |       |     2 |       ||     2
 Cast: Magic Dart        |    42 |   126 |   282 |   464 |   638 |    10 ||  1562
       Conjure Flame     |       |     3 |    16 |    41 |    54 |       ||   114
       Mephitic Cloud    |       |     2 |     5 |    20 |    12 |     4 ||    43
       Call Imp          |       |     1 |     1 |     4 |     1 |       ||     7
       Bolt of Magma     |       |       |       |    40 |   274 |    19 ||   333
       Iskenderun's Batt |       |       |       |    24 |   158 |       ||   182
       Iron Shot         |       |       |       |       |    73 |     9 ||    82
       Spellforged Servi |       |       |       |       |     2 |     1 ||     3
       Blink             |       |       |       |       |     2 |       ||     2
Evoke: Wand              |       |       |       |     3 |     6 |       ||     9
       Lamp of fire      |       |       |       |       |     1 |       ||     1
       Phial of floods   |       |       |       |       |     1 |       ||     1
  Use: Scroll            |       |       |     8 |    23 |    10 |       ||    41
       Potion            |       |       |     1 |     3 |    11 |     1 ||    16
 Stab: Confused          |       |     1 |     2 |     4 |       |       ||     7
       Sleeping          |       |       |     1 |     1 |       |       ||     2
  Eat: Chunk             |       |    13 |    18 |    37 |    83 |       ||   151
       Ration            |       |       |       |     3 |     8 |       ||    11
Armor: Skin              |     3 |     9 |    29 |    17 |    24 |     1 ||    83
Dodge: Dodged            |    11 |    48 |   111 |   157 |   253 |    15 ||   595
Block: Buckler           |       |       |       |       |    92 |     7 ||    99
       Rpst.: Double sword |       |       |     6 |    18 |       |       ||    24

Table legend:
 A = Non-vault XP
 B = Vault XP
 C = Vault XP percentage of total XP
 D = Non-vault monster count
 E = Vault monster count
 F = Vault count percentage of total count
                 A         B        C        D         E       F
            +---------+---------+-------+---------+---------+-------
      Total |   70744 |   58002 |  45.1 |     490 |     248 |  33.6
            +---------+---------+-------+---------+---------+-------
        D:1 |      17 |       0 |   0.0 |       9 |       0 |   0.0
        D:2 |      68 |      35 |  34.0 |       7 |       1 |  12.5
        D:3 |      49 |       0 |   0.0 |      18 |       0 |   0.0
        D:4 |     519 |       0 |   0.0 |      30 |       0 |   0.0
        D:5 |     840 |     267 |  24.1 |      23 |       1 |   4.2
        D:6 |     844 |       0 |   0.0 |      19 |       0 |   0.0
        D:7 |     435 |     392 |  47.4 |       9 |      15 |  62.5
        D:8 |    3082 |       0 |   0.0 |      30 |       0 |   0.0
        D:9 |    1193 |     298 |  20.0 |      19 |       1 |   5.0
       D:10 |    3981 |    2602 |  39.5 |      35 |      21 |  37.5
       D:11 |    2676 |    1708 |  39.0 |      10 |       3 |  23.1
       D:12 |    5217 |       0 |   0.0 |      54 |       0 |   0.0
       D:13 |    9610 |    2246 |  18.9 |      49 |       3 |   5.8
       D:14 |    5697 |    1852 |  24.5 |      16 |      10 |  38.5
     Lair:1 |    3420 |       0 |   0.0 |      13 |       0 |   0.0
     Lair:2 |    1973 |    9775 |  83.2 |       9 |      27 |  75.0
     Lair:3 |    3187 |    5077 |  61.4 |      14 |      21 |  60.0
     Lair:4 |    5787 |    4560 |  44.1 |      26 |      13 |  33.3
     Lair:5 |    3485 |     213 |   5.8 |      11 |       1 |   8.3
     Lair:6 |   12314 |   11788 |  48.9 |      42 |      30 |  41.7
      Orc:1 |    1819 |      12 |   0.7 |       8 |       4 |  33.3
      Orc:2 |    4531 |   17177 |  79.1 |      39 |      97 |  71.3
            +---------+---------+-------+---------+---------+-------
